TOP OF THE 1ST |
Pensacola Blue Wahoos batting - Pitching for Biloxi Shuckers : RHP Josh Pelletier
|
Pitching: RHP Josh Pelletier
|
|
Batting: RHB Solange Le Coq
|
0-0: Ball 1-0: Ground out 5-3 (Groundball, 56, EV 79.4 MPH)
|
Batting: RHB Tim Wormell
|
0-0: Called Strike 0-1: Ball 1-1: Called Strike 1-2: Ball 2-2: Strikes out swinging
|
Batting: RHB Joseph Kirchmann
|
0-0: Ground out 5-3 (Groundball, 56S, EV 89.4 MPH)
|
Top of the 1st over - 0 runs, 0 hits, 0 errors, 0 left on base; Pensacola 0 - Biloxi 0 |
BOTTOM OF THE 1ST |
Biloxi Shuckers batting - Pitching for Pensacola Blue Wahoos : RHP Jeremy Whooley
|
Pitching: RHP Jeremy Whooley
|
|
Batting: RHB Akitada Nishizawa
|
0-0: SINGLE (Flyball, 6D, EV 87.5 MPH)
|
Batting: LHB Mike Staley
|
0-0: Called Strike 0-1: Ball 1-1: Ball 2-1: SINGLE (Line Drive, 7S, EV 95.0 MPH) Akitada Nishizawa to second
|
Batting: SHB Jamel Wright
|
0-0: Ball 1-0: Foul Ball, location: 2F 1-1: Fly out, F8 (Flyball, 8LM, EV 93.1 MPH)
|
Batting: RHB Mike Ball
|
0-0: Swinging Strike 0-1: Ball 1-1: Grounds into double play, 6-4-3 (Groundball, 6, EV 78.1 MPH)
|
Bottom of the 1st over - 0 runs, 2 hits, 0 errors, 1 left on base; Pensacola 0 - Biloxi 0 |
TOP OF THE 2ND |
Pensacola Blue Wahoos batting - Pitching for Biloxi Shuckers : RHP Josh Pelletier
|
Batting: LHB Steven Wamble
|
0-0: Called Strike 0-1: Ball 1-1: Called Strike 1-2: Fly out, F8 (Flyball, 8LXD, EV 98.1 MPH)
|
Batting: RHB Ricky Carbajal
|
0-0: Ball 1-0: Ball 2-0: Foul Ball, location: 2F 2-1: SOLO HOME RUN (Flyball, 7LD, EV 91.3 MPH), Distance : 342 ft
|
Batting: RHB David Clough
|
0-0: Ball 1-0: SOLO HOME RUN (Flyball, 78XD, EV 111.9 MPH), Distance : 421 ft
|
Batting: RHB Pedro Pinero
|
0-0: Called Strike 0-1: Swinging Strike 0-2: Ball 1-2: Ball 2-2: Ball 3-2: Strikes out swinging
|
Batting: RHB Jon Marquez
|
0-0: Called Strike 0-1: Foul Ball, location: 2F 0-2: Foul Ball, location: 2F 0-2: Strikes out swinging
|
Top of the 2nd over - 2 runs, 2 hits, 0 errors, 0 left on base; Pensacola 2 - Biloxi 0 |
BOTTOM OF THE 2ND |
Biloxi Shuckers batting - Pitching for Pensacola Blue Wahoos : RHP Jeremy Whooley
|
Batting: RHB Eddie McCoy
|
0-0: Called Strike 0-1: Swinging Strike 0-2: Ball 1-2: Ground out 6-3 (Groundball, 6, EV 103.8 MPH)
|
Batting: RHB Tim Lively
|
0-0: Ball 1-0: Foul Ball, location: 2F 1-1: Ball 2-1: Ball 3-1: Foul Ball, location: 2F 3-2: Strikes out swinging
|
Batting: RHB Nick Garland
|
0-0: Ball 1-0: Foul Ball, location: 2F 1-1: Fly out, F4 (Line Drive, 4, EV 72.5 MPH)
|
Bottom of the 2nd over - 0 runs, 0 hits, 0 errors, 0 left on base; Pensacola 2 - Biloxi 0 |
TOP OF THE 3RD |
Pensacola Blue Wahoos batting - Pitching for Biloxi Shuckers : RHP Josh Pelletier
|
Batting: RHB Jose Caraballo
|
0-0: Called Strike 0-1: Ball 1-1: Ball 2-1: Ball 3-1: Swinging Strike 3-2: Base on Balls
|
Batting: RHB Solange Le Coq
|
0-0: Called Strike 0-1: Fielders Choice at 2nd, 5-4 (Groundball, 56, EV 101.9 MPH)
|
Batting: RHB Tim Wormell
|
0-0: Ball Solange Le Coq steals 2nd base 1-0: Called Strike Solange Le Coq steals 3rd base 1-1: 2-RUN HOME RUN (Flyball, 7D, EV 101.3 MPH), Distance : 378 ft
|
Batting: RHB Joseph Kirchmann
|
0-0: Foul Ball, location: 2F 0-1: Ball 1-1: Ground out 6-3 (Groundball, 6, EV 101.3 MPH)
|
Batting: LHB Steven Wamble
|
0-0: Called Strike 0-1: Ground out 5-3 (Groundball, 6, EV 83.1 MPH)
|
Top of the 3rd over - 2 runs, 1 hit, 0 errors, 0 left on base; Pensacola 4 - Biloxi 0 |
BOTTOM OF THE 3RD |
Biloxi Shuckers batting - Pitching for Pensacola Blue Wahoos : RHP Jeremy Whooley
|
Batting: RHB Nick Spiller
|
0-0: Ball 1-0: Swinging Strike 1-1: Fly out, F7 (Flyball, 7LS, EV 94.4 MPH)
|
Batting: RHB Joe Hinson
|
0-0: SINGLE (Groundball, 56D, EV 100.0 MPH)
|
Batting: RHB Akitada Nishizawa
|
0-0: SINGLE (Flyball, 34D, EV 87.5 MPH) Joe Hinson to second
|
Batting: LHB Mike Staley
|
0-0: Ball 1-0: Ball 2-0: Swinging Strike 2-1: Ball 3-1: Base on Balls Joe Hinson to third Akitada Nishizawa to second
|
Batting: SHB Jamel Wright
|
0-0: Fielders Choice at 2nd, 4-6 (Groundball, 4, EV 101.3 MPH) Joe Hinson scores Akitada Nishizawa to third
|
Batting: RHB Mike Ball
|
0-0: Ball 1-0: 3-RUN HOME RUN (Flyball, 8RXD, EV 112.5 MPH), Distance : 437 ft
|
Batting: RHB Eddie McCoy
|
0-0: Called Strike 0-1: Ball 1-1: Ground out 4-3 (Groundball, 4, EV 103.8 MPH)
|
Bottom of the 3rd over - 4 runs, 3 hits, 0 errors, 0 left on base; Pensacola 4 - Biloxi 4 |
TOP OF THE 4TH |
Pensacola Blue Wahoos batting - Pitching for Biloxi Shuckers : RHP Josh Pelletier
|
Batting: RHB Ricky Carbajal
|
0-0: Ball 1-0: Ground out 3-1 (Groundball, 34, EV 85.0 MPH)
|
Batting: RHB David Clough
|
0-0: Ball 1-0: Ball 2-0: Called Strike 2-1: SINGLE (Groundball, 15S, EV 71.9 MPH) (infield hit)
|
Batting: RHB Pedro Pinero
|
0-0: Called Strike 0-1: Ball 1-1: Ball 2-1: Foul Ball, location: 2F 2-2: Foul Ball, location: 2F 2-2: Foul Ball, location: 2F 2-2: Strikes out swinging
|
Batting: RHB Jon Marquez
|
0-0: Fly out, F4 (Flyball, 34D, EV 85.6 MPH)
|
Top of the 4th over - 0 runs, 1 hit, 0 errors, 1 left on base; Pensacola 4 - Biloxi 4 |
BOTTOM OF THE 4TH |
Biloxi Shuckers batting - Pitching for Pensacola Blue Wahoos : RHP Jeremy Whooley
|
Batting: RHB Tim Lively
|
0-0: Swinging Strike 0-1: Called Strike 0-2: SINGLE (Groundball, 56D, EV 105.0 MPH)
|
Batting: RHB Nick Garland
|
0-0: Ball 1-0: Called Strike 1-1: Ball 2-1: Ball 3-1: Foul Ball, location: 2F 3-2: Base on Balls Tim Lively to second
|
Batting: RHB Nick Spiller
|
0-0: DOUBLE (Flyball, 78XD, EV 101.9 MPH) Tim Lively scores Nick Garland to third
|
Pitching: RHP Kevin Nabity
|
|
Batting: RHB Joe Hinson
|
0-0: Called Strike 0-1: Ball 1-1: Swinging Strike 1-2: Foul Ball, location: 2F 1-2: Ball 2-2: Fly out, F7 (Flyball, 7LS, EV 78.8 MPH)
|
Batting: RHB Akitada Nishizawa
|
0-0: Ball 1-0: Ball 2-0: Foul Ball, location: 2F 2-1: Swinging Strike 2-2: Ball 3-2: Foul Ball, location: 2F 3-2: Foul Ball, location: 2F 3-2: Base on Balls
|
Batting: LHB Mike Staley
|
0-0: Ball 1-0: Called Strike 1-1: Ball 2-1: Ball 3-1: SINGLE (Flyball, 5D, EV 98.1 MPH) Nick Garland scores Nick Spiller to third Akitada Nishizawa to second
|
Batting: SHB Jamel Wright
|
0-0: Ball 1-0: Foul Ball, location: 2F 1-1: Ball 2-1: Fly out, F8 (Flyball, 78D, EV 101.9 MPH) Runner from 3rd tags up, SCORES, throw by CF
|
Batting: RHB Mike Ball
|
0-0: Called Strike 0-1: Ball 1-1: Foul Ball, location: 2F 1-2: Foul Ball, location: 2F 1-2: Fly out, F8 (Line Drive, 8LD, EV 91.3 MPH)
|
Bottom of the 4th over - 3 runs, 3 hits, 0 errors, 2 left on base; Pensacola 4 - Biloxi 7 |
TOP OF THE 5TH |
Pensacola Blue Wahoos batting - Pitching for Biloxi Shuckers : RHP Josh Pelletier
|
Batting: RHB Jose Caraballo
|
0-0: Called Strike 0-1: Ball 1-1: Ball 2-1: SINGLE (Line Drive, 8LS, EV 85.6 MPH)
|
Batting: RHB Solange Le Coq
|
0-0: Ball 1-0: Ball 2-0: SINGLE (Line Drive, 6D, EV 101.3 MPH) Jose Caraballo to second
|
Batting: RHB Tim Wormell
|
0-0: Swinging Strike 0-1: Ball 1-1: Fly out, F6 (Popup, 6S, EV 66.9 MPH)
|
Batting: RHB Joseph Kirchmann
|
0-0: SINGLE (Groundball, 3D, EV 108.1 MPH) Jose Caraballo to third Solange Le Coq to second
|
Batting: LHB Steven Wamble
|
0-0: Fly out, F8 (Line Drive, 8LD, EV 87.5 MPH) Runner from 3rd tags up, SCORES, throw by CF Solange Le Coq to third
|
Batting: RHB Ricky Carbajal
|
0-0: Ground out 4-3 (Groundball, 4, EV 81.3 MPH)
|
Top of the 5th over - 1 run, 3 hits, 0 errors, 2 left on base; Pensacola 5 - Biloxi 7 |
BOTTOM OF THE 5TH |
Biloxi Shuckers batting - Pitching for Pensacola Blue Wahoos : RHP Kevin Nabity
|
Batting: RHB Eddie McCoy
|
0-0: Called Strike 0-1: Foul Ball, location: 2F 0-2: Foul Ball, location: 2F 0-2: Ball 1-2: Foul Ball, location: 2F 1-2: Ball 2-2: Ball 3-2: Strikes out looking
|
Batting: RHB Tim Lively
|
0-0: Ball 1-0: Ball 2-0: Called Strike 2-1: Ground out 4-3 (Groundball, 4, EV 82.5 MPH)
|
Batting: RHB Nick Garland
|
0-0: Ground out 5-3 (Groundball, 56, EV 90.6 MPH)
|
Bottom of the 5th over - 0 runs, 0 hits, 0 errors, 0 left on base; Pensacola 5 - Biloxi 7 |
TOP OF THE 6TH |
Pensacola Blue Wahoos batting - Pitching for Biloxi Shuckers : RHP Josh Pelletier
|
Pitching: RHP Jason Miles
|
|
Batting: RHB David Clough
|
0-0: Called Strike 0-1: Swinging Strike 0-2: Ball 1-2: Ground out U3 (Groundball, 3, EV 107.5 MPH)
|
Batting: RHB Pedro Pinero
|
0-0: Ball 1-0: Ball 2-0: Ball 3-0: Called Strike 3-1: Foul Ball, location: 2F 3-2: Foul Ball, location: 2F 3-2: Foul Ball, location: 2F 3-2: Foul Ball, location: 2F 3-2: Foul Ball, location: 2F 3-2: Base on Balls
|
Batting: RHB Jon Marquez
|
0-0: Ball Pedro Pinero is caught stealing 2nd base 2-4 1-0: Called Strike 1-1: Swinging Strike 1-2: Strikes out swinging
|
Top of the 6th over - 0 runs, 0 hits, 0 errors, 0 left on base; Pensacola 5 - Biloxi 7 |
BOTTOM OF THE 6TH |
Biloxi Shuckers batting - Pitching for Pensacola Blue Wahoos : RHP Kevin Nabity
|
Batting: RHB Nick Spiller
|
0-0: Ball 1-0: Called Strike 1-1: Ball 2-1: Foul Ball, location: 2F 2-2: Foul Ball, location: 2F 2-2: Ball 3-2: Foul Ball, location: 2F 3-2: Foul Ball, location: 2F 3-2: Base on Balls
|
Batting: RHB Joe Hinson
|
0-0: Ball 1-0: Ball 2-0: Ball 3-0: Called Strike 3-1: Called Strike 3-2: Grounds into double play, 5-4-3 (Groundball, 56, EV 82.5 MPH)
|
Batting: RHB Akitada Nishizawa
|
0-0: Called Strike 0-1: Foul Ball, location: 2F 0-2: Ball 1-2: Ball 2-2: Ball 3-2: Ground out 6-3 (Groundball, 56, EV 105.6 MPH)
|
Bottom of the 6th over - 0 runs, 0 hits, 0 errors, 0 left on base; Pensacola 5 - Biloxi 7 |
TOP OF THE 7TH |
Pensacola Blue Wahoos batting - Pitching for Biloxi Shuckers : RHP Jason Miles
|
Batting: RHB Jose Caraballo
|
0-0: Called Strike 0-1: Swinging Strike 0-2: Ground out 5-3 (Groundball, 56, EV 98.1 MPH)
|
Batting: RHB Solange Le Coq
|
0-0: Ball 1-0: Ball 2-0: Foul Ball, location: 2F 2-1: Swinging Strike 2-2: Foul Ball, location: 2F 2-2: Ball 3-2: Base on Balls
|
Batting: RHB Tim Wormell
|
0-0: Ball Solange Le Coq steals 2nd base 1-0: Ball 2-0: Ball 3-0: Called Strike 3-1: Called Strike 3-2: Foul Ball, location: 2F 3-2: Ground out 6-3 (Groundball, 6, EV 81.9 MPH) Solange Le Coq to third
|
Batting: RHB Joseph Kirchmann
|
0-0: Ground out 4-3 (Groundball, 4S, EV 86.3 MPH)
|
Top of the 7th over - 0 runs, 0 hits, 0 errors, 1 left on base; Pensacola 5 - Biloxi 7 |
BOTTOM OF THE 7TH |
Biloxi Shuckers batting - Pitching for Pensacola Blue Wahoos : RHP Kevin Nabity
|
Pitching: LHP Brian Whittall
|
|
Batting: LHB Mike Staley
|
0-0: Ball 1-0: Ground out U3 (Groundball, 3, EV 83.1 MPH)
|
Batting: SHB Jamel Wright
|
0-0: Called Strike 0-1: Ball 1-1: Ground out 5-3 (Groundball, 56, EV 84.4 MPH)
|
Batting: RHB Mike Ball
|
0-0: Called Strike 0-1: Ball 1-1: Ball 2-1: Called Strike 2-2: Ball 3-2: Strikes out swinging
|
Bottom of the 7th over - 0 runs, 0 hits, 0 errors, 0 left on base; Pensacola 5 - Biloxi 7 |
TOP OF THE 8TH |
Pensacola Blue Wahoos batting - Pitching for Biloxi Shuckers : RHP Jason Miles
|
Pitching: RHP Mike Ellinwood
|
|
Batting: LHB Steven Wamble
|
0-0: Ground out 6-3 (Groundball, 6, EV 88.8 MPH)
|
Batting: RHB Ricky Carbajal
|
0-0: Ball 1-0: Swinging Strike 1-1: Foul Ball, location: 2F 1-2: Foul Ball, location: 2F 1-2: Strikes out swinging
|
Batting: RHB David Clough
|
0-0: Ground out 6-3 (Groundball, 56, EV 76.3 MPH)
|
Top of the 8th over - 0 runs, 0 hits, 0 errors, 0 left on base; Pensacola 5 - Biloxi 7 |
BOTTOM OF THE 8TH |
Biloxi Shuckers batting - Pitching for Pensacola Blue Wahoos : LHP Brian Whittall
|
Pitching: RHP Chris Stewart
|
|
Batting: RHB Eddie McCoy
|
0-0: Called Strike 0-1: Swinging Strike 0-2: Strikes out swinging
|
Batting: RHB Tim Lively
|
0-0: Ball 1-0: Called Strike 1-1: Foul Ball, location: 2F 1-2: DOUBLE (Line Drive, 9LM, EV 95.6 MPH)
|
Batting: RHB Nick Garland
|
0-0: Called Strike 0-1: Called Strike 0-2: Fly out, F9 (Flyball, 89M, EV 87.5 MPH)
|
Batting: RHB Nick Spiller
|
0-0: Ball 1-0: Ball 2-0: Called Strike 2-1: SINGLE (Groundball, 56, EV 93.1 MPH) (infield hit) Tim Lively to third
|
Batting: RHB Joe Hinson
|
0-0: Ball Wild Pitch! Tim Lively scores Nick Spiller to second 1-0: Ball 2-0: Ball 3-0: Called Strike 3-1: Called Strike 3-2: DOUBLE (Line Drive, 78M, EV 98.8 MPH) Nick Spiller scores
|
Batting: RHB Akitada Nishizawa
|
0-0: Swinging Strike 0-1: Ball 1-1: Ground out 5-3 (Groundball, 5S, EV 83.8 MPH)
|
Bottom of the 8th over - 2 runs, 3 hits, 0 errors, 1 left on base; Pensacola 5 - Biloxi 9 |
TOP OF THE 9TH |
Pensacola Blue Wahoos batting - Pitching for Biloxi Shuckers : RHP Mike Ellinwood
|
Batting: RHB Pedro Pinero
|
0-0: Called Strike 0-1: Ball 1-1: Swinging Strike 1-2: Strikes out swinging
|
Batting: RHB Jon Marquez
|
0-0: Foul Ball, location: 2F 0-1: Foul Ball, location: 2F 0-2: Strikes out swinging
|
Batting: RHB Jose Caraballo
|
0-0: Ball 1-0: Foul Ball, location: 2F 1-1: Fly out, F9 (Line Drive, 9, EV 103.8 MPH)
|
Top of the 9th over - 0 runs, 0 hits, 0 errors, 0 left on base; Pensacola 5 - Biloxi 9 |
|